 Dungeon Sprint DCSS version 0.28-a0-1199-gef9e1dbd39 (webtiles) character file.

Game seed: 14828721265767116368

144 mhtbhm the Spear-Bearer (level 5, -4/55 HPs)
             Began as a Minotaur Berserker on Dec 20, 2021.
             Was a Believer of Trog.
             Killed from afar by an oklob sapling wizard (24 damage)
             ... with a splash of acid
             ... in the Dungeon (Sprint IV: "Fedhas' Mad Dash").
             The game lasted 00:00:37 (477 turns).

mhtbhm the Spear-Bearer (Minotaur Berserker)         Turns: 477, Time: 00:00:38

Health: -4/55      AC:  0    Str: 24    XL:     5   Next: 5%
Magic:  4/4        EV: 12    Int:  4    God:    Trog [**....]
Gold:   43         SH:  0    Dex:  9    Spells: 4/4 levels left

rFire   . . .      SeeInvis .   a - +0 spear
rCold   . . .      Faith    .   (no shield)
rNeg    . . .      Spirit   .   b - +0 animal skin
rPois   .          Reflect  .   (helmet restricted)
rElec   .          Harm     .   (no cloak)
rCorr   .          Rampage  .   i - +0 pair of gloves
Will    .....      NoTele   +   (no boots)
Stlth   +.........              j - amulet of invisibility {+Inv}
HPRegen 0.18/turn               (no ring)
MPRegen 0.09/turn               (no ring)

@: corroded, on berserk cooldown, slowed, very slow
A: horns 2, retaliatory headbutt
a: Renounce Religion, Evoke Invisibility, Berserk, Trog's Hand


You were in the Dungeon.
You worshipped Trog.
Trog was pleased with you.
You visited 1 branch You collected 43 gold pieces.

Inventory:

Hand Weapons
 a - a +0 spear (weapon)
Armour
 b - a +0 animal skin (worn)
 i - a +0 pair of gloves (worn)
Jewellery
 j - the amulet of invisibility (around neck) {+Inv}
   (You found it in the Dungeon)

   [amulet of nothing]

   +Inv:      It lets you turn invisible.
Scrolls
 h - a scroll of blinking
Potions
 c - a potion of curing
 d - a potion of heal wounds
 e - a potion of haste
 f - 2 potions of magic
 g - a potion of berserk rage


   Skills:
 + Level 8.3 Fighting
 + Level 8.4 Polearms
 + Level 4.5 Armour
 + Level 4.2 Dodging
 + Level 0.3 Evocations


You had 4 spell levels left.
You didn't know any spells.
Your spell library was empty.

Dungeon Overview and Level Annotations

Branches:
Dungeon (1/1)

Altars:
Cheibriados
Dithmenos
Elyvilon
Gozag
Hepliaklqana
Kikubaaqudgha
Makhleb
Nemelex Xobeh
Okawaru
Qazlal
Ru
Sif Muna
Trog
Uskayaw
Vehumet
Wu Jian
Xom
Yredelemnul
Zin
The Shining One
Beogh
Jiyva
Lugonu

Annotations:
D exclusion: oklob sapling


Innate Abilities, Weirdness & Mutations

You have a pair of horns on your head.
You reflexively headbutt those who attack you in melee.


Message History

You flicker back into view.
You start resting.
Your magical contamination has completely faded away.
There is a stormy altar of Qazlal here.
You start waiting.
You feel yourself speed up.
You start waiting.
You recover from your berserk rage.
You start waiting.
Done waiting.
A red film seems to cover your vision as you go berserk!
You feel yourself moving faster!
You feel mighty!
The door flies open with a bang!
You feel a strong urge to attack something.
An oklob sapling wizard comes into view.
The oklob sapling wizard spits acid at you.
The splash of acid hits you!
Marking area around an oklob sapling as unsafe for travelling.
Found a mace and 5 gold pieces.
The oklob sapling wizard casts a spell at you.
The magic dart hits you.
There is an open door, spattered with blood here.
Unknown command.
You feel your anger nearly subside.
You are no longer berserk.
You are exhausted.
You feel yourself slow down.
Unknown command.
You hit the oklob sapling wizard.
The oklob sapling wizard is moderately damaged.
The oklob sapling wizard stares at you and mumbles some strange words.
The magic dart hits you!
You hit the oklob sapling wizard but do no damage.
The oklob sapling wizard is moderately damaged.
The oklob sapling wizard spits acid at you.
The splash of acid hits you! The acid corrodes you!
You hit the oklob sapling wizard. You headbutt the oklob sapling wizard.
The oklob sapling wizard is almost destroyed.
The oklob sapling wizard spits acid at you.
The splash of acid hits you!!
You die...

###################
.#.⌠._._._._.⌠.#.)+
.'.._._._._._..'@P#
.#..._._._._...#..#
##.._._._._._..#.$#
#._._._._._.⌠.####
###############


You could see an oklob sapling wizard.

Vanquished Creatures
  A scorpion (D)
  2 oklob saplings (D)
  A river rat (D)
  A rat (D)
5 creatures vanquished.

Notes
Turn   | Place    | Note
-------+----------+-------------------------------------------
     0 | D        | mhtbhm the Minotaur Berserker began the quest for the Orb.
     0 | D        | Reached XP level 1. HP: 19/19 MP: 0/0
    14 | D        | Reached XP level 2. HP: 26/28 MP: 1/1
   225 | D        | Noticed an oklob sapling
   227 | D        | Killed an oklob sapling
   227 | D        | Reached ** piety under Trog
   228 | D        | Reached skill level 5 in Polearms
   228 | D        | Reached XP level 3. HP: 37/37 MP: 2/2
   262 | D        | Noticed a scorpion
   262 | D        | Found the amulet of invisibility {+Inv}
   267 | D        | Killed a scorpion
   268 | D        | Reached XP level 4. HP: 47/47 MP: 3/3
   323 | D        | Found an opulent altar of Gozag.
   323 | D        | Found a hazy altar of Hepliaklqana.
   323 | D        | Found a burning altar of Makhleb.
   323 | D        | Found a sparkling altar of Nemelex Xobeh.
   323 | D        | Found a snail-covered altar of Cheibriados.
   323 | D        | Found a sacrificial altar of Ru.
   323 | D        | Found a shimmering blue altar of Sif Muna.
   323 | D        | Found a shimmering altar of Xom.
   323 | D        | Found a basalt altar of Yredelemnul.
   324 | D        | Found a viscous altar of Jiyva.
   324 | D        | Found a bloodstained altar of Trog.
   324 | D        | Found an ornate altar of the Wu Jian Council.
   325 | D        | Found an iron altar of Okawaru.
   325 | D        | Found a shadowy altar of Dithmenos.
   325 | D        | Found a glowing silver altar of Zin.
   326 | D        | Found an ancient bone altar of Kikubaaqudgha.
   326 | D        | Found a hide-covered altar of Uskayaw.
   327 | D        | Found a stormy altar of Qazlal.
   327 | D        | Found a white marble altar of Elyvilon.
   327 | D        | Found a glowing golden altar of the Shining One.
   328 | D        | Found a corrupted altar of Lugonu.
   328 | D        | Found a radiant altar of Vehumet.
   334 | D        | Reached XP level 5. HP: 55/55 MP: 1/4
   477 | D        | Killed from afar by an oklob sapling wizard

Illustrated notes

Levels and vault maps discovered:
D:        dungeon_sprint_fedhas [sprint_temple]

Skill      XL: |  1  2  3  4 |
---------------+-------------+-----
Fighting       | 4 6 7 8 |  8.3
Polearms       | 4 5 7 8 |  8.4
Armour         | 3 4 |  4.5
Dodging        | 3 4 |  4.2
Evocations     | |  0.3

Action                   |  1- 3 |  4- 6 || total
-------------------------+-------+-------++-------
Melee: Spear             |    12 |     6 ||    18
       Headbutt          |     1 |     1 ||     2
Invok: Berserk           |     3 |     2 ||     5
 Abil: Evoke Invisibilit |       |     1 ||     1
Dodge: Dodged            |     4 |       ||     4

Table legend: (Time is in decaauts)
 A = Elapsed time spent in this place.
 B = Non-inter-level travel time spent in this place.
 C = Inter-level travel time spent in this place.
 D = Time resting spent in this place.
 E = Time spent auto-exploring this place.
 F = Levels seen in this place.
 G = Mean time per level.
                   A        B        C        D        E       F      G
               +--------+--------+--------+--------+--------+-----+--------+
         Total |    500 |    500 |      0 |    407 |      0 |   1 |  500.0 |
       Dungeon |    500 |    500 |      0 |    407 |      0 |   1 |  500.0 |
               +--------+--------+--------+--------+--------+-----+--------+

Top non-repeatable levels by time:
       D: 500 daAuts
